 Dungeon Crawl Stone Soup version 0.30-a0-174-gbc10bd73c2 (webtiles) character file.

Game seed: 14943741489309697643

39174 qw the Cleaver (level 14, 0/88 HPs)
             Began as a Gargoyle Fighter on Oct 1, 2022.
             Was a High Priest of Okawaru.
             Killed by divine providence
             ... invoked by a smoke demon
              (14 damage)
             ... on level 5 of the Lair of Beasts.
             The game lasted 00:06:31 (13504 turns).

qw the Cleaver (Gargoyle Fighter)                  Turns: 13504, Time: 00:06:32

Health: 0/88       AC: 31    Str: 23    XL:     14   Next: 5%
Magic:  15/21      EV:  8    Int: 11    God:    Okawaru [*****.]
Gold:   815        SH: 12    Dex:  9    Spells: 13/13 levels left

rFire   . . .      SeeInvis .    Y - +1 broad axe (vorpal)
rCold   . . .      Faith    .    b - +0 kite shield
rNeg    + + .      Spirit   .    s - +0 plate armour
rPois   inf        Reflect  .    v - +1 hat
rElec   +          Harm     .    i - +0 cloak
rCorr   +          Rampage  .    j - +0 pair of gloves
Will    +....                    (no boots)
Stlth   ..........               n - amulet of regeneration
HPRegen 1.14/turn                k - ring of positive energy
MPRegen 0.17/turn                a - ring of resist corrosion

@: about to teleport, heroic, finesse-ful, spiked, flying
A: sickness immunity, AC +10, big wings, negative energy resistance 1,
electricity resistance, torment resistance 1, petrification resistance
a: Renounce Religion, Heroism, Finesse, Duel


You were on level 5 of the Lair of Beasts.
You worshipped Okawaru.
Okawaru was extremely pleased with you.
You visited 3 branches of the dungeon, and saw 16 of its levels.

You collected 905 gold pieces.
You spent 90 gold pieces at shops.


Innate Abilities, Weirdness & Mutations

You are immune to sickness and miasma.
Your stone body is resilient. (AC +10)
You are immune to poison.
Your large and strong wings let you fly.
You resist negative energy. (rN+)
You are resistant to electric shocks. (rElec)
You are resistant to unholy torment.
You are immune to petrification.


   Skills:
 - Level 10.0(15.0) Fighting
 - Level 14.0(19.0) Axes
 - Level 5.1(10.1) Throwing
 + Level 9.4(14.4) Armour
 - Level 2.1(7.1) Dodging
 - Level 11.0(16.0) Shields
 - Level 10.0 Invocations


You had 13 spell levels left.
You didn't know any spells.
Your spell library was empty.

Inventory:

Hand Weapons
 c - a +4 hand axe of flaming
 Y - a +1 vorpal broad axe (weapon)
Missiles
 x - a silver javelin (quivered)
Armour
 b - a +0 kite shield (worn)
 h - the +1 leather armour of Dawn {Fly rN+ rCorr Int-5}
   (You found it on level 10 of the Dungeon)

   Int:       It affects your intelligence (-5).
   rN:        It protects you from negative energy.
   Fly:       It grants you flight.
   rCorr:     It protects you from acid and corrosion.
 i - a +0 cloak (worn)
 j - a +0 pair of gloves (worn)
 s - a +0 plate armour (worn)
 v - a +1 hat (worn)
Jewellery
 a - a ring of resist corrosion (right hand)
 k - a ring of positive energy (left hand)
 n - an amulet of regeneration (around neck)
 u - a ring of resist corrosion
Scrolls
 e - 4 scrolls of identify
 t - a scroll of teleportation
Potions
 d - 7 potions of might
 g - 5 potions of cancellation
 l - a potion of mutation
 m - 4 potions of curing
 o - a potion of invisibility {unknown}
 p - a potion of heal wounds
 q - 3 potions of attraction
 r - a potion of haste
 w - 2 potions of lignification

Dungeon Overview and Level Annotations

Branches:
Dungeon (10/15)            Temple (1/1) D:6            Lair (5/5) D:10
  Swamp (0/4) Lair:3        Snake (0/4) Lair:3        Slime (0/5) Lair:4
    Orc (0/2) D:10

Altars:
Ashenzari
Cheibriados
Dithmenos
Elyvilon
Fedhas
Gozag
Hepliaklqana
Kikubaaqudgha
Makhleb
Nemelex Xobeh
Okawaru
Qazlal
Ru
Sif Muna
Trog
Uskayaw
Vehumet
Wu Jian
Xom
Yredelemnul
Zin
The Shining One
Jiyva

Shops:
D:8 (

Annotations:
D:6 3 runed translucent doors, qw's ghost, novice GrFi


Message History

You can now deal lightning-fast blows.
The hell hound bites you! You block the hell hound's attack.
The hell hound bites you but does no damage.
The red devil hits you from afar with a +0 trident.
Barbed spikes become lodged in your body.
The hell hound bites you but does no damage.
You hit the hell hound.
The hell hound is severely wounded.
You slash the hell hound! You slice the hell hound!!
You kill the hell hound!
Okawaru accepts your kill.
You hit the hell hound but do no damage.
The hell hound bites you but does no damage.
The red devil hits you from afar with a +0 trident.
Barbed spikes become lodged in your body.
You slice the hell hound!!
You kill the hell hound!
Okawaru accepts your kill.
The barbs in your skin will harm you if you move.
Continue?
An orange demon comes into view.
The barbed spikes dig painfully into your body as you move.
The orange demon screeches!
You hear a roar!
An ice devil comes into view.
A red devil comes into view. It is wielding a +0 trident.
You block the orange demon's attack.
A smoke demon comes into view.
You block the red devil's attack.
The orange demon moves out of view.
You barely miss the red devil. You hit the red devil.
The red devil is lightly wounded.
The red devil hits you with a +0 trident!
Barbed spikes become lodged in your body.
You block the orange demon's attack.
13504 ||| READING 2 scrolls of teleportation.
As you read the scroll of teleportation, it crumbles to dust.
You feel strangely unstable. The smoke demon gestures at you.
Something smites you!
You die...

# ~~ ######### ##~¤~
........#.....¤ 77
...8.8..#4..... .7
..8.#...44.3._. .7 ...8.#%@#
7 #.8...#
...#.8.)###############
..8.8...'.............#
........#...8....8....#
77777+#########.............#
77.77P777 ######''#######
77...%...777 7....7
77...777....777 77..77


You could see an orange demon, an ice devil, a smoke demon and a red devil.

Vanquished Creatures
  2 hydras
  A two-headed ogre (D:10)
  5 death yaks
  Sonja (Lair:5)
  A sixfirhy (Lair:5)
  A wizard (Lair:5)
  An oklob plant (Lair:4)
  4 black mambas
  A torpor snail (Lair:5)
  An unseen horror (D:10)
  4 rime drakes
  19 cane toads
  10 komodo dragons
  6 polar bears
  A hornet (D:8)
  6 blink frogs
  5 dream sheep (Lair:5)
  A vampire (D:10)
  6 wyverns
  6 basilisks
  34 yaks
  2 steam dragons
  4 nagas (Lair:3)
  3 acid dragons
  3 hell hounds (Lair:5)
  40 water moccasins
  6 orc warriors
  A sky beast (D:8)
  5 centaurs
  2 ogres (D:5)
  17 wolves
  2 kobold brigands (D:7)
  Blork the orc (D:6)
  11 bullfrogs
  A necrophage (D:5)
  2 gnoll sergeants (D:10)
  3 scorpions
  14 wights
  4 howler monkeys
  4 electric eels
  2 hounds
  3 jellies
  6 orc priests
  3 iguanas
  6 orc wizards
  Ijyb (D:3)
  6 hell rats (Lair:3)
  9 gnolls (D:10)
  20 adders
  2 white imps
  3 worms
  2 dart slugs (D:4)
  52 orcs
  4 bats
  5 endoplasms
  4 giant cockroaches
  13 goblins
  6 hobgoblins
  6 jackals
  15 kobolds
  7 quokkas
  10 ball pythons
  2 frilled lizards (D:1)
  3 rats
431 creatures vanquished.

Vanquished Creatures (others)
  25 fungi
  68 plants
93 creatures vanquished.

Grand Total: 524 creatures vanquished

Notes
Turn   | Place    | Note
-------+----------+-------------------------------------------
     0 | D:1      | qw the Gargoyle Fighter began the quest for the Orb.
     0 | D:1      | Reached XP level 1. HP: 14/14 MP: 1/1
     0 | D:1      | 0 ||| qw: Version: 0.2-a-13-gfc7b4b4
     0 | D:1      | 0 ||| qw: Game counter: 1893
     0 | D:1      | 0 ||| qw: Always use a shield: true
     0 | D:1      | 0 ||| qw: God list: Okawaru
     0 | D:1      | 0 ||| qw: Allow faded altars: false
     0 | D:1      | 0 ||| qw: Do Orc after D:15 true
     0 | D:1      | 0 ||| qw: Do second Lair branch before Depths: true
     0 | D:1      | 0 ||| qw: Lair rune preference: random
     0 | D:1      | 0 ||| qw: Plans: Normal, Zot:1-4, God:TSO, Crypt, Tomb,
                  | Pan, Slime:5, Hells, Abyss, Orb
     0 | D:1      | 0 ||| PLANNING D:1-11
   113 | D:1      | Reached skill level 2 in Axes
   318 | D:1      | 318 ||| Stepping ~*~*~tactically~*~*~ (stealth).
   322 | D:1      | 322 ||| Stepping ~*~*~tactically~*~*~ (stealth).
   323 | D:1      | 323 ||| Stepping ~*~*~tactically~*~*~ (stealth).
   326 | D:1      | Reached XP level 2. HP: 19/19 MP: 2/2
   333 | D:1      | 333 ||| Stepping ~*~*~tactically~*~*~ (stealth).
   531 | D:1      | You fall into a shaft and drop 1 floor!
   694 | D:2      | 694 ||| UPGRADING to +0 cloak.
   699 | D:2      | 699 ||| UPGRADING to amulet of regeneration.
   704 | D:2      | 704 ||| UPGRADING to ring of positive energy.
   705 | D:2      | 705 ||| DROPPING ring of magical power.
   706 | D:2      | 706 ||| READING scroll labelled DOUCOWOIRR.
   707 | D:2      | 707 ||| READING scroll labelled SUATZI KUHI.
   708 | D:2      | 708 ||| READING scroll labelled BEDAMAS ODDAMN.
   709 | D:2      | 709 ||| READING scroll labelled ANEIH OCEAZXIUWA.
  1002 | D:1      | Reached skill level 3 in Axes
  1180 | D:1      | Found a faded altar of an unknown god.
  1195 | D:1      | 1195 ||| READING scroll labelled PIUSMU WEFYWNO.
  1215 | D:2      | 1215 ||| Stepping ~*~*~tactically~*~*~ (hiding).
  1217 | D:2      | 1217 ||| STAIRDANCE
  1229 | D:1      | Reached XP level 3. HP: 23/23 MP: 3/3
  1804 | D:2      | 1804 ||| UPGRADING to ring of resist corrosion.
  1805 | D:2      | 1805 ||| READING 2 scrolls of identify.
  1805 | D:2      | 1805 ||| IDENTIFYING bubbling dark potion
  1843 | D:3      | Noticed a water moccasin
  1851 | D:3      | 1851 ||| STAIRDANCE
  1855 | D:2      | Killed a water moccasin
  1856 | D:2      | Reached skill level 3 in Throwing
  1856 | D:2      | Reached XP level 4. HP: 20/28 MP: 4/4
  1856 | D:2      | Reached XP level 5. HP: 23/32 MP: 5/5
  1979 | D:3      | 1979 ||| Stepping ~*~*~tactically~*~*~ (stealth).
  1980 | D:3      | 1980 ||| Stepping ~*~*~tactically~*~*~ (stealth).
  2015 | D:3      | Noticed Ijyb
  2018 | D:3      | Paralysed by Ijyb for 2 turns
  2023 | D:3      | Paralysed by Ijyb for 5 turns
  2031 | D:3      | Paralysed by Ijyb for 5 turns
  2041 | D:3      | Paralysed by Ijyb for 4 turns
  2058 | D:3      | Killed Ijyb
  2293 | D:3      | 2293 ||| Stepping ~*~*~tactically~*~*~ (stealth).
  2317 | D:3      | Reached skill level 4 in Axes
  2337 | D:3      | Reached XP level 6. HP: 37/37 MP: 6/6
  2347 | D:3      | Identified the +2 leather armour of Mordant Wonder {Regen+}
  2498 | D:3      | 2498 ||| DROPPING +2 leather armour of Mordant Wonder
                  | {Regen+}.
  2499 | D:3      | 2499 ||| READING scroll labelled VEQUNE HYROO.
  2526 | D:4      | 2526 ||| STAIRDANCE
  2539 | D:3      | 2539 ||| DROPPING +0 club.
  2540 | D:3      | 2540 ||| UPGRADING to +0 chain mail.
  2550 | D:3      | 2550 ||| DROPPING +0 scale mail.
  2554 | D:4      | 2554 ||| STAIRDANCE
  2600 | D:4      | Noticed a wyvern
  2601 | D:4      | 2601 ||| Stepping ~*~*~tactically~*~*~ (stealth).
  2603 | D:4      | 2603 ||| Stepping ~*~*~tactically~*~*~ (stealth).
  2610 | D:4      | Killed a wyvern
  2611 | D:4      | Reached skill level 5 in Axes
  2631 | D:4      | 2631 ||| Stepping ~*~*~tactically~*~*~ (hiding).
  2634 | D:4      | 2634 ||| Stepping ~*~*~tactically~*~*~ (hiding).
  2763 | D:4      | Reached XP level 7. HP: 43/43 MP: 7/7
  2793 | D:4      | 2793 ||| Stepping ~*~*~tactically~*~*~ (stealth).
  2867 | D:4      | 2867 ||| Stepping ~*~*~tactically~*~*~ (stealth).
  2872 | D:4      | 2872 ||| Stepping ~*~*~tactically~*~*~ (stealth).
  3302 | D:4      | 3302 ||| UPGRADING to +0 plate armour.
  3312 | D:4      | 3312 ||| DROPPING +0 chain mail.
  3313 | D:4      | 3313 ||| READING scroll labelled WURPHU OJEWA.
  3314 | D:4      | 3314 ||| READING scroll labelled ZOJAV VATTEM.
  3315 | D:4      | 3315 ||| READING scroll labelled TOATUT EMESSUH.
  3316 | D:4      | 3316 ||| READING 2 scrolls labelled WOOTUA ELAVE.
  3319 | D:4      | 3319 ||| DRINKING 2 green potions.
  3320 | D:4      | 3320 ||| DRINKING 2 emerald potions.
  3321 | D:4      | 3321 ||| DRINKING 2 glowing blue potions.
  3322 | D:4      | 3322 ||| READING 2 scrolls of identify.
  3322 | D:4      | 3322 ||| IDENTIFYING bubbling puce potion
  3323 | D:4      | 3323 ||| DROPPING potion of brilliance.
  3345 | D:5      | Entered Level 5 of the Dungeon
  3347 | D:5      | 3347 ||| STAIRDANCE
  3352 | D:4      | Reached skill level 6 in Axes
  3461 | D:5      | Reached XP level 8. HP: 27/48 MP: 8/8
  3483 | D:5      | 3483 ||| READING scroll of enchant weapon.
  3483 | D:5      | 3483 ||| ENCHANTING +0 spectral war axe.
  3508 | D:5      | Reached skill level 7 in Axes
  3556 | D:5      | 3556 ||| Stepping ~*~*~tactically~*~*~ (stealth).
  3649 | D:5      | Reached skill level 1 in Dodging
  3716 | D:5      | Found Zin's Purification Station.
  3718 | D:5      | Found a glowing silver altar of Zin.
  3723 | D:5      | 3723 ||| BUYING potion of curing (90 gold).
  3723 | D:5      | Bought a potion of curing for 90 gold pieces
  3789 | D:5      | 3789 ||| Stepping ~*~*~tactically~*~*~ (stealth).
  3790 | D:5      | 3790 ||| Stepping ~*~*~tactically~*~*~ (hiding).
  3792 | D:5      | 3792 ||| Stepping ~*~*~tactically~*~*~ (stealth).
  3793 | D:5      | 3793 ||| Stepping ~*~*~tactically~*~*~ (hiding).
  3903 | D:5      | 3903 ||| Stepping ~*~*~tactically~*~*~ (stealth).
  4102 | D:5      | 4102 ||| UPGRADING to +0 pair of gloves.
  4107 | D:5      | 4107 ||| READING 3 scrolls labelled UFITSU NEILIE.
  4108 | D:5      | 4108 ||| READING 3 scrolls of identify.
  4108 | D:5      | 4108 ||| IDENTIFYING fuming purple potion
  4109 | D:5      | 4109 ||| READING 2 scrolls of identify.
  4109 | D:5      | 4109 ||| IDENTIFYING viscous amethyst potion
  4110 | D:5      | 4110 ||| DROPPING potion of degeneration.
  4111 | D:5      | 4111 ||| DROPPING 2 scrolls of blinking.
  4218 | D:6      | 4218 ||| Stepping ~*~*~tactically~*~*~ (stealth).
  4220 | D:6      | 4220 ||| Stepping ~*~*~tactically~*~*~ (hiding).
  4483 | D:6      | Found a broken altar of Ashenzari.
  4536 | D:6      | Noticed Blork the orc
  4537 | D:6      | 4537 ||| Stepping ~*~*~tactically~*~*~ (hiding).
  4545 | D:6      | Killed Blork the orc
  4556 | D:6      | Found a staircase to the Ecumenical Temple.
  4557 | D:6      | 4557 ||| PLANNING TEMPLE
  4572 | D:6      | Reached skill level 8 in Axes
  4577 | Temple   | Entered the Ecumenical Temple
  4781 | Temple   | 4781 ||| PLANNING D:1-11
  4832 | D:6      | 4832 ||| Stepping ~*~*~tactically~*~*~ (cloud).
  4842 | D:6      | Reached skill level 6 in Fighting
  4842 | D:6      | Reached XP level 9. HP: 47/55 MP: 9/9
  5065 | D:6      | 5065 ||| Stepping ~*~*~tactically~*~*~ (stealth).
  5068 | D:6      | 5068 ||| Stepping ~*~*~tactically~*~*~ (stealth).
  5111 | D:6      | Found a runed translucent gate.
  5113 | D:6      | Found a runed translucent gate.
  5114 | D:6      | Found a runed translucent gate.
  5145 | D:6      | Noticed qw's ghost (novice GrFi)
  5669 | D:7      | 5669 ||| SWAPPING to +0 broad axe.
  5670 | D:7      | 5670 ||| DROPPING +1 spectral war axe.
  5956 | D:7      | 5956 ||| DROPPING +0 whip.
  6127 | D:7      | 6127 ||| Stepping ~*~*~tactically~*~*~ (stealth).
  6129 | D:7      | 6129 ||| Stepping ~*~*~tactically~*~*~ (stealth).
  6134 | D:7      | Found a basalt altar of Yredelemnul.
  6151 | D:7      | 6151 ||| Stepping ~*~*~tactically~*~*~ (stealth).
  6159 | D:7      | 6159 ||| Stepping ~*~*~tactically~*~*~ (hiding).
  6167 | D:7      | Reached skill level 9 in Axes
  6173 | D:7      | 6173 ||| Stepping ~*~*~tactically~*~*~ (stealth).
  6248 | D:7      | Found an iron altar of Okawaru.
  6249 | D:7      | 6249 ||| PLANNING OKAWARU WORSHIP
  6249 | D:7      | 6249 ||| READING 2 scrolls of identify.
  6249 | D:7      | 6249 ||| IDENTIFYING puce potion
  6252 | D:7      | Became a worshipper of Warmaster Okawaru
  6253 | D:7      | 6253 ||| PLANNING D:1-11
  6499 | D:7      | 6499 ||| DROPPING amulet of the acrobat.
  6531 | D:8      | 6531 ||| STAIRDANCE
  6590 | D:8      | Reached skill level 6 in Armour
  6590 | D:8      | 6590 ||| FLEEEEING.
  6591 | D:8      | 6591 ||| FLEEEEING.
  6592 | D:8      | 6592 ||| FLEEEEING.
  6607 | D:8      | 6607 ||| DRINKING 4 potions of curing.
  6607 | D:8      | 6607 ||| (to cure confusion)
  6612 | D:8      | 6612 ||| FLEEEEING.
  6613 | D:8      | 6613 ||| FLEEEEING.
  6614 | D:8      | 6614 ||| FLEEEEING.
  6615 | D:8      | 6615 ||| FLEEEEING.
  6616 | D:8      | 6616 ||| FLEEEEING.
  6617 | D:8      | 6617 ||| FLEEEEING.
  6618 | D:8      | 6618 ||| FLEEEEING.
  6619 | D:8      | 6619 ||| FLEEEEING.
  6620 | D:8      | 6620 ||| FLEEEEING.
  6621 | D:8      | 6621 ||| FLEEEEING.
  6622 | D:8      | 6622 ||| FLEEEEING.
  6623 | D:8      | 6623 ||| FLEEEEING.
  6624 | D:8      | 6624 ||| FLEEEEING.
  6625 | D:8      | 6625 ||| FLEEEEING.
  6626 | D:8      | 6626 ||| FLEEEEING.
  6627 | D:8      | 6627 ||| FLEEEEING.
  6628 | D:8      | 6628 ||| FLEEEEING.
  6635 | D:8      | Reached * piety under Okawaru
  6763 | D:8      | 6763 ||| INVOKING Heroism.
  6799 | D:8      | Reached skill level 1 in Invocations
  6871 | D:8      | Found Kewaut's Weapon Shoppe.
  6888 | D:8      | 6888 ||| INVOKING Heroism.
  6894 | D:8      | 6894 ||| Stepping ~*~*~tactically~*~*~ (hiding).
  6896 | D:8      | 6896 ||| Stepping ~*~*~tactically~*~*~ (hiding).
  6913 | D:8      | Identified the +0 buckler of Cloud Cover {rF+ Will+ Str+2}
  7167 | D:8      | 7167 ||| UPGRADING to +0 buckler of Cloud Cover {rF+ Will+
                  | Str+2}.
  7177 | D:8      | 7177 ||| DROPPING +0 buckler.
  7178 | D:8      | 7178 ||| DROPPING ring of wizardry.
  7179 | D:8      | 7179 ||| READING scroll labelled ONEAC KA PIQON.
  7186 | D:9      | Noticed a hornet
  7187 | D:9      | 7187 ||| STAIRDANCE
  7189 | D:8      | 7189 ||| INVOKING Heroism.
  7192 | D:8      | Reached skill level 3 in Invocations
  7192 | D:8      | Reached XP level 10. HP: 63/63 MP: 9/12
  7217 | D:9      | 7217 ||| STAIRDANCE
  7221 | D:8      | 7221 ||| INVOKING Heroism.
  7241 | D:9      | 7241 ||| STAIRDANCE
  7251 | D:9      | 7251 ||| INVOKING Heroism.
  7256 | D:9      | 7256 ||| Stepping ~*~*~tactically~*~*~ (hiding).
  7392 | D:9      | 7392 ||| Stepping ~*~*~tactically~*~*~ (stealth).
  7418 | D:9      | 7418 ||| INVOKING Heroism.
  7431 | D:9      | Reached ** piety under Okawaru
  7432 | D:9      | Reached skill level 10 in Axes
  7439 | D:9      | 7439 ||| INVOKING Heroism.
  7880 | D:9      | 7880 ||| DRINKING 2 cyan potions.
  7881 | D:9      | 7881 ||| DROPPING potion of flight.
  7909 | D:10     | Entered Level 10 of the Dungeon
  7910 | D:10     | 7910 ||| Stepping randomly (disturbance).
  7949 | D:10     | Killed an unseen horror
  7971 | D:10     | 7971 ||| Stepping ~*~*~tactically~*~*~ (hiding).
  8074 | D:10     | 8074 ||| INVOKING Heroism.
  8113 | D:10     | Noticed a two-headed ogre
  8114 | D:10     | 8114 ||| INVOKING Heroism.
  8125 | D:10     | Killed a two-headed ogre
  8137 | D:10     | 8137 ||| INVOKING Heroism.
  8142 | D:10     | Reached *** piety under Okawaru
  8185 | D:10     | Found a staircase to the Lair.
  8211 | D:10     | 8211 ||| INVOKING Heroism.
  8239 | D:10     | 8239 ||| Stepping ~*~*~tactically~*~*~ (stealth).
  8240 | D:10     | 8240 ||| Stepping ~*~*~tactically~*~*~ (stealth).
  8241 | D:10     | 8241 ||| Stepping ~*~*~tactically~*~*~ (stealth).
  8244 | D:10     | 8244 ||| Stepping ~*~*~tactically~*~*~ (stealth).
  8303 | D:10     | 8303 ||| Stepping ~*~*~tactically~*~*~ (stealth).
  8311 | D:10     | 8311 ||| Stepping ~*~*~tactically~*~*~ (hiding).
  8314 | D:10     | 8314 ||| INVOKING Heroism.
  8316 | D:10     | 8316 ||| Stepping ~*~*~tactically~*~*~ (hiding).
  8343 | D:10     | 8343 ||| Stepping ~*~*~tactically~*~*~ (stealth).
  8346 | D:10     | 8346 ||| Stepping ~*~*~tactically~*~*~ (stealth).
  8355 | D:10     | 8355 ||| Stepping ~*~*~tactically~*~*~ (stealth).
  8362 | D:10     | Found a staircase to the Orcish Mines.
  8364 | D:10     | 8364 ||| Stepping ~*~*~tactically~*~*~ (hiding).
  8383 | D:10     | 8383 ||| Stepping ~*~*~tactically~*~*~ (stealth).
  8410 | D:10     | 8410 ||| INVOKING Heroism.
  8417 | D:10     | Reached XP level 11. HP: 69/69 MP: 11/14
  8440 | D:10     | 8440 ||| Stepping ~*~*~tactically~*~*~ (hiding).
  8444 | D:10     | 8444 ||| INVOKING Heroism.
  8544 | D:10     | 8544 ||| DRINKING 3 potions of curing.
  8544 | D:10     | 8544 ||| (to cure confusion)
  8662 | D:10     | Identified the +1 leather armour of Dawn {Fly rN+ rCorr
                  | Int-5}
  8681 | D:10     | 8681 ||| Stepping ~*~*~tactically~*~*~ (stealth).
  8682 | D:10     | 8682 ||| Stepping ~*~*~tactically~*~*~ (stealth).
  8684 | D:10     | 8684 ||| INVOKING Heroism.
  8779 | D:10     | 8779 ||| PLANNING LAIR
  8779 | D:10     | 8779 ||| UPGRADING to +0 kite shield.
  8789 | D:10     | 8789 ||| DROPPING +0 buckler of Cloud Cover {rF+ Will+
                  | Str+2}.
  8790 | D:10     | 8790 ||| DRINKING 3 ruby potions.
  8832 | D:10     | 8832 ||| Stepping ~*~*~tactically~*~*~ (stealth).
  8836 | D:10     | 8836 ||| Stepping ~*~*~tactically~*~*~ (stealth).
  8837 | D:10     | 8837 ||| Stepping ~*~*~tactically~*~*~ (stealth).
  8853 | Lair:1   | Entered Level 1 of the Lair of Beasts
  8973 | Lair:1   | 8973 ||| INVOKING Heroism.
  8984 | Lair:1   | Received a gift from Okawaru
  8985 | Lair:1   | Reached skill level 6 in Shields
  8995 | Lair:1   | 8995 ||| INVOKING Heroism.
  9021 | Lair:1   | 9021 ||| READING scroll of brand weapon.
  9021 | Lair:1   | 9021 ||| BRANDING +0 broad axe.
  9078 | Lair:1   | 9078 ||| Stepping ~*~*~tactically~*~*~ (stealth).
  9083 | Lair:1   | 9083 ||| INVOKING Heroism.
  9106 | Lair:1   | Reached **** piety under Okawaru
  9173 | Lair:1   | 9173 ||| INVOKING Heroism.
  9187 | Lair:1   | 9187 ||| INVOKING Heroism.
  9223 | Lair:1   | 9223 ||| INVOKING Heroism.
  9245 | Lair:1   | Reached skill level 9 in Shields
  9248 | Lair:1   | Reached skill level 6 in Invocations
  9269 | Lair:1   | 9269 ||| INVOKING Heroism.
  9280 | Lair:1   | Reached skill level 11 in Axes
  9323 | Lair:1   | 9323 ||| INVOKING Heroism.
  9406 | Lair:1   | 9406 ||| Stepping ~*~*~tactically~*~*~ (stealth).
  9408 | Lair:1   | 9408 ||| Stepping ~*~*~tactically~*~*~ (stealth).
  9410 | Lair:1   | 9410 ||| INVOKING Heroism.
  9541 | Lair:1   | 9541 ||| INVOKING Heroism.
  9795 | Lair:2   | 9795 ||| INVOKING Heroism.
  9884 | Lair:2   | 9884 ||| Stepping ~*~*~tactically~*~*~ (stealth).
  9886 | Lair:2   | 9886 ||| INVOKING Heroism.
  9895 | Lair:2   | Reached ***** piety under Okawaru
  9896 | Lair:2   | Reached XP level 12. HP: 70/75 MP: 15/17
 10436 | Lair:3   | 10436 ||| STAIRDANCE
 10491 | Lair:3   | 10491 ||| INVOKING Heroism.
 10565 | Lair:3   | 10565 ||| INVOKING Heroism.
 10648 | Lair:3   | Received a gift from Okawaru
 10650 | Lair:3   | 10650 ||| DROPPING +2 war axe of freezing.
 10687 | Lair:3   | 10687 ||| Stepping ~*~*~tactically~*~*~ (stealth).
 10689 | Lair:3   | 10689 ||| Stepping ~*~*~tactically~*~*~ (stealth).
 10714 | Lair:3   | Reached skill level 9 in Fighting
 10737 | Lair:3   | 10737 ||| Stepping ~*~*~tactically~*~*~ (hiding).
 10743 | Lair:3   | Found a staircase to the Snake Pit.
 10744 | Lair:3   | 10744 ||| Stepping ~*~*~tactically~*~*~ (hiding).
 10747 | Lair:3   | 10747 ||| INVOKING Heroism.
 10754 | Lair:3   | You fall into a shaft and drop 2 floors!
 10754 | Lair:5   | Entered Level 5 of the Lair of Beasts
 10756 | Lair:5   | 10756 ||| Stepping ~*~*~tactically~*~*~ (hiding).
 10764 | Lair:5   | Reached skill level 9 in Invocations
 10769 | Lair:5   | HP: 19/76 [dream sheep (9)]
 10770 | Lair:5   | 10770 ||| READING 4 scrolls of teleportation.
 10770 | Lair:5   | HP: 9/76 [komodo dragon (7)]
 10771 | Lair:5   | 10771 ||| DRINKING 4 potions of heal wounds.
 10772 | Lair:5   | Noticed an eight-headed hydra
 10773 | Lair:5   | 10773 ||| SWAPPING to +0 morningstar.
 10774 | Lair:5   | 10774 ||| INVOKING Finesse.
 10775 | Lair:5   | 10775 ||| READING 3 scrolls of teleportation.
 10775 | Lair:5   | HP: 12/76 [eight-headed hydra (8)]
 10776 | Lair:5   | 10776 ||| DRINKING 3 potions of heal wounds.
 10779 | Lair:5   | 10779 ||| INVOKING Heroism.
 10779 | Lair:5   | Noticed Sonja
 10780 | Lair:5   | 10780 ||| SWAPPING to +0 vorpal broad axe.
 10804 | Lair:5   | Killed Sonja
 10810 | Lair:5   | 10810 ||| Stepping ~*~*~tactically~*~*~ (stealth).
 10816 | Lair:5   | 10816 ||| Stepping ~*~*~tactically~*~*~ (stealth).
 10817 | Lair:5   | 10817 ||| Stepping ~*~*~tactically~*~*~ (stealth).
 10823 | Lair:5   | 10823 ||| INVOKING Heroism.
 10826 | Lair:5   | HP: 9/76 [komodo dragon (16)]
 10827 | Lair:5   | 10827 ||| READING 2 scrolls of teleportation.
 10828 | Lair:5   | 10828 ||| DRINKING 2 potions of heal wounds.
 10834 | Lair:5   | 10834 ||| FLEEEEING.
 10868 | Lair:5   | 10868 ||| FLEEEEING.
 10869 | Lair:5   | 10869 ||| STAIRDANCE
 10878 | Lair:4   | 10878 ||| INVOKING Heroism.
 10917 | Lair:4   | Received a gift from Okawaru
 10921 | Lair:4   | Reached skill level 12 in Axes
 10924 | Lair:4   | 10924 ||| DROPPING +0 morningstar.
 11022 | Lair:4   | 11022 ||| INVOKING Heroism.
 11043 | Lair:4   | 11043 ||| READING scroll of enchant weapon.
 11043 | Lair:4   | 11043 ||| ENCHANTING +0 vorpal broad axe.
 11108 | Lair:4   | 11108 ||| READING scroll labelled QEODIUPLEFEDD.
 11137 | Lair:3   | Reached XP level 13. HP: 80/80 MP: 20/20
 11138 | Lair:3   | 11138 ||| INVOKING Heroism.
 11152 | Lair:3   | Reached skill level 9 in Armour
 11180 | Lair:3   | 11180 ||| Stepping ~*~*~tactically~*~*~ (stealth).
 11181 | Lair:3   | 11181 ||| Stepping ~*~*~tactically~*~*~ (stealth).
 11182 | Lair:3   | 11182 ||| Stepping ~*~*~tactically~*~*~ (stealth).
 11206 | Lair:3   | 11206 ||| INVOKING Heroism.
 11273 | Lair:3   | 11273 ||| INVOKING Heroism.
 11287 | Lair:3   | 11287 ||| Stepping ~*~*~tactically~*~*~ (stealth).
 11288 | Lair:3   | 11288 ||| Stepping ~*~*~tactically~*~*~ (stealth).
 11307 | Lair:3   | Received a gift from Okawaru
 11379 | Lair:3   | 11379 ||| INVOKING Heroism.
 11885 | Lair:4   | 11885 ||| INVOKING Heroism.
 11886 | Lair:4   | 11886 ||| STAIRDANCE
 11888 | Lair:3   | 11888 ||| SWAPPING to +4 hand axe of flaming.
 11897 | Lair:3   | 11897 ||| SWAPPING to +1 vorpal broad axe.
 11904 | Lair:4   | 11904 ||| STAIRDANCE
 11906 | Lair:3   | 11906 ||| INVOKING Finesse.
 11907 | Lair:3   | 11907 ||| INVOKING Heroism.
 11943 | Lair:4   | 11943 ||| INVOKING Heroism.
 11947 | Lair:4   | Received a gift from Okawaru
 12044 | Lair:4   | 12044 ||| INVOKING Heroism.
 12045 | Lair:4   | 12045 ||| INVOKING Finesse.
 12047 | Lair:4   | 12047 ||| Stepping ~*~*~tactically~*~*~ (stealth).
 12052 | Lair:4   | 12052 ||| Stepping ~*~*~tactically~*~*~ (stealth).
 12053 | Lair:4   | 12053 ||| Stepping ~*~*~tactically~*~*~ (stealth).
 12091 | Lair:4   | 12091 ||| INVOKING Heroism.
 12092 | Lair:4   | 12092 ||| INVOKING Finesse.
 12216 | Lair:4   | 12216 ||| INVOKING Heroism.
 12615 | Lair:4   | Found a viscous altar of Jiyva.
 12615 | Lair:4   | Found a staircase to the Slime Pits.
 12697 | Lair:4   | 12697 ||| UPGRADING to +1 hat.
 12702 | Lair:4   | 12702 ||| READING scroll labelled JUTUAH LEIL.
 12752 | Lair:3   | 12752 ||| Stepping ~*~*~tactically~*~*~ (stealth).
 12753 | Lair:3   | 12753 ||| INVOKING Heroism.
 12832 | Lair:3   | Found a staircase to the Swamp.
 12918 | Lair:5   | 12918 ||| Stepping ~*~*~tactically~*~*~ (stealth).
 12921 | Lair:5   | 12921 ||| INVOKING Heroism.
 12983 | Lair:5   | 12983 ||| INVOKING Heroism.
 12998 | Lair:5   | 12998 ||| INVOKING Finesse.
 12999 | Lair:5   | 12999 ||| SWAPPING to +4 hand axe of flaming.
 13007 | Lair:5   | Reached skill level 13 in Axes
 13007 | Lair:5   | 13007 ||| SWAPPING to +1 vorpal broad axe.
 13009 | Lair:5   | 13009 ||| Stepping ~*~*~tactically~*~*~ (stealth).
 13034 | Lair:5   | 13034 ||| Stepping ~*~*~tactically~*~*~ (stealth).
 13037 | Lair:5   | 13037 ||| Stepping ~*~*~tactically~*~*~ (stealth).
 13038 | Lair:5   | 13038 ||| Stepping ~*~*~tactically~*~*~ (stealth).
 13040 | Lair:5   | 13040 ||| INVOKING Heroism.
 13220 | Lair:5   | 13220 ||| INVOKING Heroism.
 13222 | Lair:5   | 13222 ||| INVOKING Finesse.
 13227 | Lair:5   | 13227 ||| Stepping ~*~*~tactically~*~*~ (stealth).
 13281 | Lair:5   | 13281 ||| INVOKING Heroism.
 13405 | Lair:5   | 13405 ||| Stepping ~*~*~tactically~*~*~ (stealth).
 13407 | Lair:5   | 13407 ||| INVOKING Heroism.
 13461 | Lair:5   | 13461 ||| Stepping ~*~*~tactically~*~*~ (hiding).
 13476 | Lair:5   | Reached skill level 14 in Axes
 13476 | Lair:5   | Gained mutation: Your large and strong wings let you fly.
                  | [Gargoyle growth]
 13476 | Lair:5   | Reached XP level 14. HP: 87/88 MP: 21/21
 13480 | Lair:5   | Found a burning altar of Makhleb.
 13481 | Lair:5   | 13481 ||| Stepping ~*~*~tactically~*~*~ (hiding).
 13483 | Lair:5   | 13483 ||| Stepping ~*~*~tactically~*~*~ (hiding).
 13491 | Lair:5   | 13491 ||| INVOKING Heroism.
 13497 | Lair:5   | 13497 ||| INVOKING Finesse.
 13503 | Lair:5   | HP: 13/88 [red devil/+0 trident (13)]
 13504 | Lair:5   | 13504 ||| READING 2 scrolls of teleportation.
 13504 | Lair:5   | Killed from afar by a smoke demon

Levels and vault maps discovered:
D:1:      minmay_arrival_four_loops, layout_loops_ring,
          dilly_ecumenical_altar_fadedgnrine, wad_floor_pattern_untrapped
D:2:      layout_loops_ring, serial_forest, infiniplex_forest_lined_2,
          infiniplex_forest_clump_small, infiniplex_forest_straight_3,
          infiniplex_forest_clump_double, infiniplex_forest_zigzag_1,
          infiniplex_forest_clump_C, grunt_ministairs_7
D:3:      layout_loops_ring, uniq_ijyb
D:4:      layout_gridville, minmay_bent
D:5:      layout_loops_cross, zin_purify, minmay_misc_feat_room
D:6:      layout_layer_cave, nicolae_ashenzari_skybound,
          minmay_temple_entry_hall, gammafunk_ghost_necromancy,
          uniq_blork_the_orc
D:7:      layout_loops_corners, mainiacjoe_overflow_swirl, minivault_19
D:8:      layout_rooms, serial_shops, nicolae_square_shop
D:9:      layout_irregular_city
D:10:     layout_roguey, david_lair_shrubbed, hiddenorc2_lemuel
Temple:   mainiacjoe_temple_bowtie_tessellation
Lair:1:   layout_hall_layers, grunt_megastairs_4, serial_bayou_shore_a
Lair:2:   layout_gridlike, gammafunk_lair_bear_cave, lemuel_fruit_fields
Lair:3:   lemuel_reptile_caves, layout_cave_pods, minmay_swamp_entry_reptiles,
          minmay_snake_entry_guardpost_small, lemuel_fruit_fields
Lair:4:   layout_cave_pods, dpeg_slime_entry_corner
Lair:5:   evil_forest, layout_concentric_octagons, uniq_sonja

Skill      XL: |  1  2  3  4  5  6  7  8  9 10 11 12 13 |
---------------+----------------------------------------+-----
Axes           | 2 3 4 5 6 8 9 10 11 12 14 | 14.0
Throwing       | 3 4 5 |  5.1
Fighting       | 4 6 7 8 9 10 | 10.0
Armour         | 4 5 6 7 8 9 |  9.4
Dodging        | 1 2 |  2.1
Shields        | 4 5 9 10 11 | 11.0
Invocations    | 3 4 7 10 | 10.0

Action                   |  1- 3 |  4- 6 |  7- 9 | 10-12 | 13-15 || total
-------------------------+-------+-------+-------+-------+-------++-------
Melee: War axe           |    86 |    81 |    91 |       |       ||   258
       Broad axe         |       |       |   177 |   657 |   292 ||  1126
       Morningstar       |       |       |       |     2 |       ||     2
       Hand axe          |       |       |       |       |    14 ||    14
Throw: Javelin           |     5 |    13 |     6 |    31 |    19 ||    74
       Boomerang         |       |       |    44 |    11 |       ||    55
Invok: Heroism           |       |       |     3 |    31 |    18 ||    52
       Finesse           |       |       |       |     1 |     6 ||     7
  Use: Scroll            |     6 |     1 |    11 |     6 |     2 ||    26
       Potion            |       |       |     4 |     6 |       ||    10
 Stab: Distracted        |       |       |       |     1 |       ||     1
Armor: Scale mail        |    48 |    39 |       |       |       ||    87
       Chain mail        |       |     7 |     2 |       |       ||     9
       Plate armour      |       |       |   182 |   425 |   162 ||   769
Dodge: Dodged            |    34 |    27 |    54 |   188 |    80 ||   383
Block: Buckler           |    17 |    17 |    55 |    64 |       ||   153
       Kite shield       |       |       |       |   254 |   166 ||   420

Table legend:
 A = Non-vault XP
 B = Vault XP
 C = Vault XP percentage of total XP
 D = Non-vault monster count
 E = Vault monster count
 F = Vault count percentage of total count
                 A         B        C        D         E       F
            +---------+---------+-------+---------+---------+-------
      Total |   41286 |   14677 |  26.2 |     323 |     108 |  25.1
            +---------+---------+-------+---------+---------+-------
        D:1 |      27 |      13 |  32.5 |      15 |       1 |   6.2
        D:2 |     178 |       2 |   1.1 |      11 |       1 |   8.3
        D:3 |      90 |      33 |  26.8 |      26 |       1 |   3.7
        D:4 |     459 |      52 |  10.2 |      22 |       7 |  24.1
        D:5 |     973 |       0 |   0.0 |      22 |       0 |   0.0
        D:6 |     645 |      96 |  13.0 |       7 |       1 |  12.5
        D:7 |     874 |       0 |   0.0 |      25 |       0 |   0.0
        D:8 |    1541 |       0 |   0.0 |      25 |       0 |   0.0
        D:9 |    1506 |       0 |   0.0 |      11 |       0 |   0.0
       D:10 |    2254 |    1006 |  30.9 |      24 |      32 |  57.1
     Lair:1 |    6566 |    1067 |  14.0 |      29 |       3 |   9.4
     Lair:2 |    2490 |     634 |  20.3 |       9 |       3 |  25.0
     Lair:3 |    9890 |    4302 |  30.3 |      44 |      40 |  47.6
     Lair:4 |    5113 |       0 |   0.0 |      19 |       0 |   0.0
     Lair:5 |    8680 |    7472 |  46.3 |      34 |      19 |  35.8
            +---------+---------+-------+---------+---------+-------
